 Dungeon Crawl Stone Soup version 0.30-a0-509-gd016549fea (webtiles) character file.

Game seed: 1026241528750853948

191 GenialerGandalf the Chopper (level 5, -9/47 HPs)
             Began as a Hill Orc Fighter on Dec 22, 2022.
             Was a Follower of Beogh.
             Mangled by Edmund
             ... wielding a +2 flail of distortion
              (14 damage)
             ... on level 4 of the Dungeon.
             The game lasted 00:08:41 (2933 turns).

GenialerGandalf the Chopper (Hill Orc Fighter)      Turns: 2933, Time: 00:08:42

Health: -9/47      AC:  9    Str: 21    XL:     5   Next: 70%
Magic:  5/5        EV:  9    Int:  8    God:    Beogh [*.....]
Gold:   186        SH:  4    Dex: 10    Spells: 4/4 levels left

rFire   . . .      SeeInvis .    a - +0 war axe
rCold   . . .      Faith    .    c - +0 buckler
rNeg    . . .      Spirit   .    b - +0 scale mail
rPois   .          Reflect  .    r - +2 hat
rElec   .          Harm     .    (no cloak)
rCorr   .          Rampage  .    (no gloves)
Will    .....                    (no boots)
Stlth   ..........               (no amulet)
HPRegen 0.27/turn                (no ring)
MPRegen 0.09/turn                (no ring)

@: no status effects
A: no striking features
a: Renounce Religion


You were on level 4 of the Dungeon.
You worshipped Beogh.
Beogh was aware of your devotion.
You visited 1 branch of the dungeon, and saw 4 of its levels.

You collected 186 gold pieces.

Inventory:

Hand Weapons
 a - a +0 war axe (weapon)
Armour
 b - a +0 scale mail (worn)
 c - a +0 buckler (worn)
 r - a +2 hat (worn)
Jewellery
 f - a ring of protection from fire
Wands
 u - a wand of roots (9)
Scrolls
 g - a scroll of vulnerability
 m - 2 scrolls of brand weapon
 q - a scroll of poison {unknown}
 s - a scroll of enchant armour {unknown}
Potions
 d - a potion of might
 e - 2 potions of curing {unknown}
 h - a potion of cancellation
 i - a potion of magic
 j - a potion of heal wounds
 k - a potion of invisibility {unknown}
 l - a potion of haste {unknown}
 n - a potion of lignification {unknown}
 o - 2 potions of attraction {unknown}
 p - a potion of resistance {unknown}
 t - a potion of degeneration {unknown}


   Skills:
 * Level 4.6 Fighting
 * Level 5.0 Axes
 + Level 4.3 Armour
 - Level 0.9 Dodging
 - Level 0.1 Stealth
 * Level 3.7 Shields
 * Level 0.2 Invocations


You had 4 spell levels left.
You didn't know any spells.
Your spell library was empty.

Dungeon Overview and Level Annotations

Branches:
Dungeon (4/15)
 Temple: D:4-7

Altars:
Qazlal
Ru
Xom

Shops:
D:1 :

Annotations:
D:4 Edmund


Message History

A ball python comes into view.
The ball python bites you but does no damage.
The ball python closely misses you.
You slash the ball python!
You kill the ball python!
Beogh accepts your kill.
Found a bone wand and a scroll labelled XUSUPP YFEIRGH.
Found 18 gold pieces.
Found a bubbling ruby potion.
Found 17 gold pieces.
Found a pair of boots.
s - a scroll labelled XUSUPP YFEIRGH You now have 186 gold pieces (gained 18).
t - a bubbling ruby potion You open the door.
There is an open door here.
As you open the door, it creaks loudly!
Edmund the Younger comes into view.
He is wielding a +2 flail of distortion.
Edmund shouts!
There is an open door here.
You see here a wand of roots (9).
u - a wand of roots (9) Edmund hits you with a +2 flail of distortion!
Space warps around you.
You slash Edmund!
Edmund is moderately wounded.
You block Edmund's attack.
Edmund hits you with a +2 flail of distortion!
Space warps around you.
You hit Edmund.
Edmund is moderately wounded.
Edmund hits you with a +2 flail of distortion!
Space warps horribly around you!
* * * LOW HITPOINT WARNING * * *
You barely miss Edmund.
Edmund is moderately wounded.
Edmund hits you with a +2 flail of distortion.
* * * LOW HITPOINT WARNING * * *
Space warps horribly around you!
You die...

##..........###.......
.....................#
.....................#
..#....#.............# .
..#....#.............# ..
..#....#.............# ...
..#....#.............# ..@
..#....#.............# ..#
..#....#........@@#####...#
.....Y............'...'...+
#.>...............#####...#
#.....#........#### .....
#.....#......... ....
#.....#.......... ...
......+.....$..... ..
#.....#..[....... #
+(....+...........


You could see Edmund.

Vanquished Creatures
  An iguana (D:3)
  Robin (D:4)
  2 adders
  4 gnolls (D:2)
  A worm (D:2)
  A dart slug (D:1)
  5 orcs (D:3)
  6 ball pythons
  4 endoplasms
  3 giant cockroaches (D:1)
  13 goblins
  8 hobgoblins
  10 jackals
  7 quokkas
  6 bats
  2 frilled lizards
  5 kobolds
79 creatures vanquished.

Vanquished Creatures (others)
  A dart slug (D:3)
  An orc (D:3)
  A kobold (D:3)
3 creatures vanquished.

Grand Total: 82 creatures vanquished

Notes
Turn   | Place    | Note
-------+----------+-------------------------------------------
     0 | D:1      | GenialerGandalf the Hill Orc Fighter began the quest for
                  | the Orb.
     0 | D:1      | Reached XP level 1. HP: 19/19 MP: 1/1
   123 | D:1      | Found Heocwext's Book Shoppe.
   157 | D:1      | Reached XP level 2. HP: 23/27 MP: 2/2
   192 | D:1      | Reached skill level 3 in Axes
   276 | D:1      | Reached XP level 3. HP: 25/33 MP: 3/3
  1386 | D:2      | Reached XP level 4. HP: 40/40 MP: 4/4
  1786 | D:2      | Reached skill level 4 in Axes
  1864 | D:3      | Found a stormy altar of Qazlal.
  2031 | D:3      | Reached XP level 5. HP: 47/47 MP: 5/5
  2127 | D:3      | Became a worshipper of Beogh the Brigand
  2154 | D:3      | Found a sacrificial altar of Ru.
  2248 | D:3      | Found a shimmering altar of Xom.
  2248 | D:3      | Found a shimmering altar of Xom.
  2251 | D:3      | Found a shimmering altar of Xom.
  2252 | D:3      | Found a shimmering altar of Xom.
  2327 | D:4      | Noticed Robin
  2629 | D:4      | Killed Robin
  2759 | D:4      | Reached skill level 5 in Axes
  2812 | D:4      | Reached * piety under Beogh
  2813 | D:4      | Noticed an ice beast
  2919 | D:4      | Noticed Edmund
  2933 | D:4      | Mangled by Edmund

Illustrated notes

Levels and vault maps discovered:
D:1:      ebering_trefoil_3fold, layout_basic, serial_shops, shop,
          minmay_tromino_i2
D:2:      layout_basic, fountainhead
D:3:      layout_basic, marbit_many_paths, grunt_qazlal_sundering,
          xom_redecorated, due_unseen_surprise
D:4:      layout_basic, uniq_robin, uniq_edmund

Skill      XL: |  1  2  3  4  5 |
---------------+----------------+-----
Fighting       | 4 |  4.6
Axes           | 3 4 5 |  5.0
Armour         | 4 |  4.3
Dodging        | |  0.9
Stealth        | |  0.1
Shields        | |  3.7
Invocations    | |  0.2

Action                   |  1- 3 |  4- 6 || total
-------------------------+-------+-------++-------
Melee: War axe           |   105 |    93 ||   198
Invok: Convert to Beogh  |       |     1 ||     1
  Use: Scroll            |       |     6 ||     6
Armor: Scale mail        |    65 |    35 ||   100
Dodge: Dodged            |    66 |    46 ||   112
Block: Buckler           |    30 |    36 ||    66

Table legend: (Time is in decaauts)
 A = Elapsed time spent in this place.
 B = Non-inter-level travel time spent in this place.
 C = Inter-level travel time spent in this place.
 D = Time resting spent in this place.
 E = Time spent auto-exploring this place.
 F = Levels seen in this place.
 G = Mean time per level.
                   A        B        C        D        E       F      G
               +--------+--------+--------+--------+--------+-----+--------+
         Total |   3003 |   2851 |    152 |    232 |   1727 |   4 |  750.8 |
       Dungeon |   3003 |   2851 |    152 |    232 |   1727 |   4 |  750.8 |
               +--------+--------+--------+--------+--------+-----+--------+

Top non-repeatable levels by time:
     D:2: 1014 daAuts
     D:1: 864 daAuts
     D:3: 806 daAuts
     D:4: 318 daAuts
